 Dungeon Sprint DCSS version 0.27.1 (webtiles) character file.

Game seed: 14370887078562236538

11425 styxcanada the Imperceptible (level 11, -6/62 HPs)
             Began as a Spriggan Brigand on Aug 28, 2021.
             Was an Initiate of Gozag.
             Shot with an arrow by a spriggan rider (17 damage)
             ... in the Dungeon (Sprint IV: "Fedhas' Mad Dash").
             The game lasted 00:16:41 (2351 turns).

styxcanada the Imperceptible (Spriggan Brigand)     Turns: 2351, Time: 00:16:42

Health: -6/62      AC:  3    Str:  7    XL:     11   Next: 49%
Magic:  12/13      EV: 31    Int: 14    God:    Gozag
Gold:   2337       SH:  7    Dex: 19    Spells: 7/12 levels left

rFire    + . .     SeeInvis +   q - +1 dagger (venom)
rCold    . . .     Faith    .   d - +0 buckler
rNeg     . . .     Spirit   .   b - +0 robe
rPois    +         Reflect  .   (helmet restricted)
rElec    .         Harm     .   c - +0 cloak
rCorr    .         Rampage  .   (gloves unavailable)
Will     +....     NoTele   +   (boots unavailable)
Stlth    ++++++++++             m - amulet of invisibility {+Inv}
HPRegen  0.20/turn              p - +4 ring of evasion
MPRegen  0.13/turn              t - ring "Suwik" {rPois rF+}

@: very slightly contaminated, invisible (expiring), very quick
A: very small, no large weapons, unfitting armour, see invisible, speed 3
a: Renounce Religion, Evoke Invisibility, Potion Petition, Call Merchant, Bribe
Branch


You were in the Dungeon.
You worshipped Gozag.
Gozag was most pleased with you.
You visited 1 branch You collected 3083 gold pieces.
You spent 746 gold pieces at shops.

Inventory:

Hand Weapons
 a - a +2 dagger
 e - a +4 quick blade
 q - a +1 dagger of venom (weapon)
Missiles
 j - a poisoned dart (quivered)
 n - 27 stones
 o - a curare-tipped dart
 s - 14 sling bullets
Armour
 b - a +0 robe (worn)
 c - a +0 cloak (worn)
 d - a +0 buckler (worn)
Jewellery
 m - the amulet of invisibility (around neck) {+Inv}
   (You found it in the Dungeon)

   [amulet of nothing]

   +Inv:      It lets you turn invisible.
 p - a +4 ring of evasion (left hand)
 t - the ring "Suwik" (right hand) {rPois rF+}
   (You found it in the Dungeon)

   [ring of poison resistance]

   rF:        It protects you from fire.
   rPois:     It protects you from poison.
Scrolls
 k - a scroll of blinking
 l - 2 scrolls of magic mapping
 u - 2 scrolls of identify
Potions
 g - a potion of cancellation {unknown}
 h - a potion of haste
 i - 3 potions of magic
 r - a potion of might


   Skills:
 + Level 9.0 Fighting
 + Level 9.0 Short Blades
 + Level 8.0 Throwing
 * Level 13.2 Dodging
 + Level 26.7 Stealth
 * Level 2.1 Shields
 * Level 1.2 Spellcasting
 * Level 1.2 Hexes
 * Level 0.7 Ice Magic
 * Level 0.8 Air Magic
 * Level 1.0 Poison Magic
 * Level 12.4 Evocations


You had 7 spell levels left.
You knew the following spells:

 Your Spells              Type           Power      Damage    Failure   Level
a - Corona                Hex            4%         N/A       22%         1
b - Ensorcelled Hibernat  Hex/Ice        6%         N/A       36%         2
c - Poisonous Vapours     Pois/Air       6%         N/A       36%         2

Your spell library contained the following spells:

 Spells                   Type           Power      Damage    Failure   Level
 Corpse Rot               Necr/Air       N/A        N/A       43%         2
 Tukima's Dance           Hex            4%         N/A       54%         3
 Freezing Cloud           Conj/Ice/Air   1%         6-21      100%        5


Dungeon Overview and Level Annotations

Branches:
Dungeon (1/1)

Altars:
Cheibriados
Dithmenos
Elyvilon
Gozag
Hepliaklqana
Kikubaaqudgha
Makhleb
Nemelex Xobeh
Okawaru
Qazlal
Ru
Sif Muna
Trog
Uskayaw
Vehumet
Wu Jian
Xom
Yredelemnul
Zin
The Shining One
Beogh
Jiyva
Lugonu

Shops:
D :[?:[[*=([(


Innate Abilities, Weirdness & Mutations

You are very small and have problems with some larger weapons.
You are too small for most types of armour.
You have supernaturally acute eyesight. (SInv)
You cover ground extremely quickly. (Speed+++)


Message History

You throw a poisoned dart.
The poisoned dart hits the spriggan rider!
The spriggan rider is poisoned.
You hear a hideous shriek!
You hear a shout!
A hornet comes into view.
The spriggan rider shoots an arrow.
The arrow completely misses you.
You hear a hideous shriek!
You hear an angry buzzing noise.
There is an open door here.
You aren't carrying any items that you can evoke.
You start waiting.
Your magical contamination has completely faded away.
You fade into invisibility!
You are very lightly contaminated with residual magic.
A hornet comes into view.
There is an open door here.
A demonic crawler comes into view.
The spriggan rider shouts!
The demonic crawler gives a hideous shriek!
You hit the demonic crawler but do no damage.
The spriggan rider shoots an arrow.
The arrow pierces through you!
You are electrocuted!
The demonic crawler hits you!
The demonic crawler completely misses you. x2
You hit the demonic crawler.
The demonic crawler is lightly wounded.
The spriggan rider shoots an arrow.
The arrow completely misses you.
You hit the demonic crawler but do no damage.
The demonic crawler is lightly wounded.
You block the demonic crawler's attack. The demonic crawler hits you!
* * * LOW HITPOINT WARNING * * *
You block the demonic crawler's attack.
You feel better. The demonic crawler barely misses you.
The demonic crawler closely misses you. You block the demonic crawler's attack.
The spriggan rider shoots an arrow.
The arrow completely misses you.
You flicker for a moment.
The spriggan rider shoots an arrow.
The arrow pierces through you!
* * * LOW HITPOINT WARNING * * *
You are electrocuted!
You die...
Your body crumbles into a pile of gold.

############################.....
...................# ###..♣..♣.
.................P.#####.[.♣.....
.................P..........♣.[..
.................P...############
#######y############## ******* **
#..........# ###..#####.,,∩∩***,
#.......P..# #..s.'.....,,,,**,,
###......### #.@..#####P,,,,+,,,
###...## ##....# **********
#....####.....##***∩∩∩*,,,,,
#........i....'...$∩$∩+,,,,,
#..........(..####*∩∩∩*,,,,,
*****###############*************
,,,,,,*,,*,,*,,*,,*,,*,,*,,*,,*,,
,,,,,,,,,,,,,,,,,,,,,,,,,,,,,,,,,
,,,,,,*,,*,,*,,*,,*,,*,,*,,*,,*,,


You could see a spriggan rider and a demonic crawler.

Vanquished Creatures
  Agnes (D)
  A ghost moth (D)
  A spriggan defender (D)
  A spriggan berserker (D)
  A spriggan druid (D)
  8 oklob plants (D)
  2 demonic crawlers (D)
  3 wandering mushrooms (D)
  3 burning bushes (D)
  2 hornets (D)
  A queen bee (D)
  3 scorpions (D)
  4 killer bees (D)
  5 oklob saplings (D)
  6 spriggans (D)
  A river rat (D)
  A rat (D)
  2 ballistomycete spores (D)
46 creatures vanquished.

Vanquished Creatures (others)
  3 fungi (D)
3 creatures vanquished.

Grand Total: 49 creatures vanquished

Notes
Turn   | Place    | Note
-------+----------+-------------------------------------------
     0 | D        | styxcanada the Spriggan Brigand began the quest for the
                  | Orb.
     0 | D        | Reached XP level 1. HP: 10/10 MP: 2/2
    13 | D        | Reached skill level 7 in Stealth
    13 | D        | Reached XP level 2. HP: 15/15 MP: 3/3
    22 | D        | Reached skill level 8 in Stealth
    46 | D        | Noticed an oklob sapling
    48 | D        | Killed an oklob sapling
    49 | D        | Reached skill level 9 in Stealth
    49 | D        | Reached XP level 3. HP: 19/19 MP: 4/4
    50 | D        | Noticed a scorpion
    50 | D        | Found the amulet of invisibility {+Inv}
    71 | D        | Killed a scorpion
    72 | D        | Reached skill level 11 in Stealth
    72 | D        | Reached XP level 4. HP: 3/23 MP: 5/5
   391 | D        | Found an opulent altar of Gozag.
   391 | D        | Found a hazy altar of Hepliaklqana.
   391 | D        | Found a burning altar of Makhleb.
   391 | D        | Found a sparkling altar of Nemelex Xobeh.
   391 | D        | Found a snail-covered altar of Cheibriados.
   391 | D        | Found a sacrificial altar of Ru.
   391 | D        | Found a shimmering blue altar of Sif Muna.
   391 | D        | Found a shimmering altar of Xom.
   391 | D        | Found a basalt altar of Yredelemnul.
   392 | D        | Found a viscous altar of Jiyva.
   392 | D        | Found a bloodstained altar of Trog.
   392 | D        | Found an ornate altar of the Wu Jian Council.
   393 | D        | Found an iron altar of Okawaru.
   393 | D        | Found a shadowy altar of Dithmenos.
   393 | D        | Found a glowing silver altar of Zin.
   394 | D        | Found an ancient bone altar of Kikubaaqudgha.
   394 | D        | Found a hide-covered altar of Uskayaw.
   395 | D        | Found a stormy altar of Qazlal.
   395 | D        | Found a white marble altar of Elyvilon.
   395 | D        | Found a glowing golden altar of the Shining One.
   396 | D        | Became a worshipper of Gozag Ym Sagoz the Greedy
   397 | D        | Found a corrupted altar of Lugonu.
   397 | D        | Found a radiant altar of Vehumet.
   401 | D        | Reached skill level 13 in Stealth
   401 | D        | Reached XP level 5. HP: 28/28 MP: 3/6
   448 | D        | Reached skill level 5 in Dodging
   448 | D        | Reached skill level 1 in Evocations
   488 | D        | Reached skill level 14 in Stealth
   596 | D        | Reached skill level 15 in Stealth
   596 | D        | Reached XP level 6. HP: 16/33 MP: 7/7
   647 | D        | Found Kubo's Antique Armour Shop.
   647 | D        | Found Irin's Book Emporium.
   768 | D        | Noticed a burning bush
   768 | D        | Noticed a wandering mushroom
   769 | D        | Noticed a wandering mushroom
   772 | D        | Killed a burning bush
   773 | D        | Reached skill level 5 in Short Blades
   773 | D        | Reached skill level 5 in Throwing
   773 | D        | Reached skill level 16 in Stealth
   773 | D        | Killed a wandering mushroom
   774 | D        | Reached skill level 5 in Fighting
   774 | D        | Reached skill level 17 in Stealth
   774 | D        | Reached XP level 7. HP: 39/39 MP: 5/8
   774 | D        | Killed a wandering mushroom
   775 | D        | Reached skill level 18 in Stealth
   777 | D        | Reached XP level 8. HP: 44/44 MP: 5/9
   788 | D        | Found Dussuc's Antique Weapon Emporium.
   788 | D        | Found Capsymm's Jewellery Shoppe.
   797 | D        | Bought a runed dagger for 160 gold pieces
   861 | D        | Noticed a queen bee
   868 | D        | Killed a queen bee
   869 | D        | Reached skill level 19 in Stealth
   869 | D        | Reached skill level 5 in Evocations
   928 | D        | Noticed an oklob plant
   931 | D        | Killed an oklob plant
   932 | D        | Reached skill level 20 in Stealth
   943 | D        | Noticed a burning bush
   946 | D        | Killed a burning bush
   947 | D        | Reached XP level 9. HP: 49/49 MP: 8/10
  1006 | D        | Noticed a burning bush
  1006 | D        | Noticed an oklob plant
  1007 | D        | Noticed a wandering mushroom
  1008 | D        | Killed a burning bush
  1013 | D        | Killed an oklob plant
  1014 | D        | Reached skill level 10 in Dodging
  1014 | D        | Reached skill level 21 in Stealth
  1016 | D        | Identified the +0 chain mail of Perfidy {Rampage rElec
                  | Slay-5 Stlth+}
  1017 | D        | Killed a wandering mushroom
  1061 | D        | Noticed a spriggan druid
  1063 | D        | Killed a spriggan druid
  1064 | D        | Reached skill level 22 in Stealth
  1142 | D        | Noticed an oklob plant conjurer
  1143 | D        | Killed an oklob plant conjurer
  1245 | D        | Noticed an oklob plant
  1245 | D        | Noticed an oklob plant summoner
  1246 | D        | Noticed an oklob plant shifter
  1256 | D        | Killed an oklob plant
  1257 | D        | Reached skill level 23 in Stealth
  1257 | D        | Reached XP level 10. HP: 31/55 MP: 9/11
  1258 | D        | Killed an oklob plant summoner
  1261 | D        | Killed an oklob plant shifter
  1310 | D        | Noticed a spriggan rider
  1311 | D        | Found Deeshreax's Antique Armour Emporium.
  1315 | D        | Found Uschinule's Weapon Shoppe.
  1354 | D        | Reached skill level 24 in Stealth
  1540 | D        | Killed a spriggan rider
  1876 | D        | Noticed Agnes
  1891 | D        | Found Xesm's Antique Armour Emporium.
  1891 | D        | Noticed a spriggan berserker
  1893 | D        | Found Botaeps's General Store.
  1895 | D        | Killed Agnes
  1896 | D        | Reached skill level 25 in Stealth
  1896 | D        | Reached skill level 10 in Evocations
  1899 | D        | Killed a spriggan berserker
  1900 | D        | Reached XP level 11. HP: 60/60 MP: 9/12
  1905 | D        | Noticed a spriggan defender
  1912 | D        | Killed a spriggan defender
  1913 | D        | Reached skill level 26 in Stealth
  2066 | D        | Identified the ring "Suwik" {rPois rF+}
  2146 | D        | Noticed an oklob plant meteorologist
  2147 | D        | Noticed a ghost moth
  2148 | D        | Found Hatzy's Magic Scroll Emporium.
  2148 | D        | Found Femanick's Antique Armour Boutique.
  2148 | D        | Found Basy's Book Shoppe.
  2154 | D        | Killed a ghost moth
  2155 | D        | Reached skill level 1 in Shields
  2172 | D        | Bought a scroll of identify for 20 gold pieces
  2172 | D        | Bought a scroll of identify for 20 gold pieces
  2174 | D        | Bought a book of Maledictions for 234 gold pieces
  2174 | D        | Bought a book of Vapours for 312 gold pieces
  2176 | D        | Learned a level 1 spell: Corona
  2179 | D        | Learned a level 2 spell: Ensorcelled Hibernation
  2182 | D        | Learned a level 2 spell: Poisonous Vapours
  2245 | D        | Noticed an oklob plant shifter
  2249 | D        | Killed an oklob plant meteorologist
  2250 | D        | Reached skill level 1 in Spellcasting
  2258 | D        | Killed an oklob plant shifter
  2259 | D        | Reached skill level 1 in Hexes
  2259 | D        | Reached skill level 1 in Poison Magic
  2299 | D        | Noticed a spriggan rider
  2351 | D        | Shot with an arrow by a spriggan rider

Illustrated notes

Levels and vault maps discovered:
D:        dungeon_sprint_fedhas [sprint_temple]

Skill      XL: |  1  2  3  4  5  6  7  8  9 10 11 |
---------------+----------------------------------+-----
Dodging        | 2 4 5 7 8 9 10 12 13 | 13.2
Stealth        | 7 9 11 13 15 17 18 20 23 25 26 | 26.7
Fighting       | 2 3 5 6 7 8 9 |  9.0
Short Blades   | 3 4 5 6 7 8 9 |  9.0
Throwing       | 3 4 5 6 7 8 |  8.0
Evocations     | 2 4 6 8 10 12 | 12.4
Shields        | 2 |  2.1
Spellcasting   | 1 |  1.2
Hexes          | 1 |  1.2
Poison Magic   | 1 |  1.0
Ice Magic      | |  0.7
Air Magic      | |  0.8

Action                   |  1- 3 |  4- 6 |  7- 9 | 10-12 || total
-------------------------+-------+-------+-------+-------++-------
Melee: Dagger            |     9 |    10 |    24 |    39 ||    82
Throw: Dart              |    12 |    10 |       |    14 ||    36
       Stone             |       |       |       |     1 ||     1
 Abil: Evoke Invisibilit |       |     3 |     6 |     6 ||    15
  Use: Potion            |       |     1 |       |     2 ||     3
       Scroll            |       |       |     3 |       ||     3
 Stab: Sleeping          |     1 |     4 |    17 |    10 ||    32
       Invisible         |       |       |     1 |     2 ||     3
Armor: Robe              |       |       |       |     1 ||     1
Dodge: Dodged            |     4 |    10 |       |    28 ||    42
Block: Buckler           |       |       |       |     4 ||     4
